 Dungeon Crawl Stone Soup version 0.27-b1-16-g6517624069 (webtiles) character file.

Game seed: 5505496377682588025

30 sixthgate the Geomancer (level 3, -2/25 HPs)
             Began as a Gnoll Wanderer on July 26, 2021.
             Succumbed to a kobold's poison
             ... on level 1 of the Dungeon.
             The game lasted 00:01:59 (1391 turns).

sixthgate the Geomancer (Gnoll Wanderer)            Turns: 1391, Time: 00:02:00

Health: -2/25      AC:  2    Str: 11    XL:     3   Next: 20%
Magic:  9/9        EV: 11    Int: 13    God:
Gold:   43         SH:  0    Dex: 10    Spells: 11/12 levels left

rFire    . . .     SeeInvis .   c - +0 spear
rCold    . . .     Faith    .   (no shield)
rNeg     . . .     Spirit   .   b - +0 robe
rPois    .         Reflect  .   (no helmet)
rElec    .         Harm     .   (no cloak)
rCorr    .         Rampage  .   (no gloves)
Will     .....                  (no boots)
Stlth    ++........             (no amulet)
HPRegen  0.08/turn              (no ring)
MPRegen  0.11/turn              (no ring)

@: lethally poisoned (-2 -> -17), flying
A: fangs 1, strong nose, distributed training
a: no special abilities


You were on level 1 of the Dungeon.
You visited 1 branch of the dungeon, and saw 1 of its levels.

You collected 43 gold pieces.

Inventory:

Hand Weapons
 a - a +0 club
 c - a +0 spear (weapon)
Missiles
 d - 3 atropa-tipped darts (quivered)
Armour
 b - a +0 robe (worn)
Scrolls
 f - a scroll of vulnerability {unknown}
Potions
 g - a potion of cancellation {unknown}


   Skills:
 + Level 0.6 Fighting
 + Level 0.6 Short Blades
 + Level 0.6 Long Blades
 + Level 0.6 Axes
 + Level 0.6 Maces & Flails
 + Level 0.6 Polearms
 + Level 0.6 Staves
 + Level 0.6 Slings
 + Level 0.6 Bows
 + Level 0.6 Crossbows
 + Level 0.6 Throwing
 + Level 0.6 Armour
 + Level 0.6 Dodging
 + Level 2.3 Stealth
 + Level 0.6 Shields
 + Level 0.6 Unarmed Combat
 + Level 5.0 Spellcasting
 + Level 0.4 Conjurations
 + Level 0.4 Hexes
 + Level 0.4 Summonings
 + Level 0.4 Necromancy
 + Level 0.4 Translocations
 + Level 0.4 Transmutations
 + Level 0.4 Fire Magic
 + Level 2.1 Ice Magic
 + Level 0.4 Air Magic
 + Level 8.7 Earth Magic
 + Level 0.4 Poison Magic
 + Level 0.8 Invocations
 + Level 2.5 Evocations


You had 11 spell levels left.
You knew the following spells:

 Your Spells              Type           Power      Damage    Failure   Level
a - Freeze                Ice            32%        1d5       8%          1

Your spell library contained the following spells:

 Spells                   Type           Power      Damage    Failure   Level
 Sandblast                Erth           52%        2d12      1%          1
 Stone Arrow              Conj/Erth      30%        3d8       9%          3
 Foxfire                  Conj/Fire      16%        2x1d4     16%         1
 Frozen Ramparts          Ice            16%        1d3       24%         3
 Ozocubu's Armour         Ice            8%         N/A       24%         3
 Ignite Poison            Fire/Tmut/Pois 4%         N/A       43%         3
 Hailstorm                Conj/Ice       6%         3d4       73%         4


Dungeon Overview and Level Annotations

Branches:
Dungeon (1/15)

Altars:


Innate Abilities, Weirdness & Mutations

You have very sharp teeth.
Your uncanny sense of smell can sniff out nearby items.
Your experience applies equally to all skills.


Message History

No target in view!
No target in view!
No target in view!
No target in view!
No target in view!
You see here a rat corpse.
A kobold comes into view. It is wielding a +0 dagger of venom.
A kobold is nearby!
A kobold is nearby!
The kobold shouts!
You hear a shout!
A goblin comes into view. It is wielding a +0 dagger.
You hear a bark!
A frilled lizard, a jackal and a kobold come into view.
The kobold is wielding a +1 whip of venom.
The kobold moves out of view.
Found 19 sling bullets.
You closely miss the kobold. The kobold closely misses you.
The frilled lizard hisses angrily.
You hit the kobold.
The kobold is heavily wounded.
The frilled lizard unfolds its giant frill.
The kobold barely misses you.
You hit the kobold.
You kill the kobold!
The kobold hits you with a +1 whip of venom.
You are poisoned.
You feel sick. The kobold hits you but does no damage.
You are lethally poisoned!
You feel very sick.
The kobold hits you with a +1 whip of venom.
You are more poisoned.
The goblin hits you with a +0 dagger.
* * * LOW HITPOINT WARNING * * *
You feel very sick.
* * * LOW HITPOINT WARNING * * *
You feel very sick.
It was a potion of flight.
You feel very buoyant.
You fly up into the air.
You die...

....########
##...##
##.......... .....
##.......... ...
............ #)##
############.###..#
# ###...........h.#
# #...#..#.....#lg#
###...#..#.....#K.#
#....###.##...##@.#
.....#∆#..#...#(†.#
##..## ##.##.##...#
#..#. .#..#(#...##
#.##...##.###...#
#.#.....#..#....#
##.#.....#..#....##
...............#..#
#.#....###.....##.#


You could see a jackal, a goblin, a kobold and a frilled lizard.

Vanquished Creatures
  2 dart slugs (D:1)
  A ball python (D:1)
  4 endoplasms (D:1)
  2 giant cockroaches (D:1)
  3 hobgoblins (D:1)
  A quokka (D:1)
  3 bats (D:1)
  3 goblins (D:1)
  2 kobolds (D:1)
  3 rats (D:1)
24 creatures vanquished.

Notes
Turn   | Place    | Note
-------+----------+-------------------------------------------
     0 | D:1      | sixthgate the Gnoll Wanderer began the quest for the Orb.
     0 | D:1      | sixthgate set off with the following items: a +0 club, a +0
                  | robe; and the following spells available to memorise:
                  | Sandblast, Freeze, Stone Arrow, Foxfire, Frozen Ramparts,
                  | Ozocubu's Armour, Ignite Poison, Hailstorm
     0 | D:1      | Reached XP level 1. HP: 13/13 MP: 6/6
   248 | D:1      | Learned a level 1 spell: Freeze
   281 | D:1      | Reached XP level 2. HP: 19/19 MP: 7/7
  1132 | D:1      | Reached XP level 3. HP: 25/25 MP: 9/9
  1219 | D:1      | Reached skill level 5 in Spellcasting
  1390 | D:1      | HP: 1/25 [poisoned by a kobold]
  1391 | D:1      | Succumbed to a kobold's poison

Illustrated notes

Levels and vault maps discovered:
D:1:      amcnicky_arrival_choice, layout_loops_ring, minmay_unequal

Skill      XL: |  1  2  3 |
---------------+----------+-----
Ice Magic      | 2 |  2.1
Spellcasting   | 5 |  5.0
Fighting       | |  0.6
Short Blades   | |  0.6
Long Blades    | |  0.6
Axes           | |  0.6
Maces & Flails | |  0.6
Polearms       | |  0.6
Staves         | |  0.6
Slings         | |  0.6
Bows           | |  0.6
Crossbows      | |  0.6
Throwing       | |  0.6
Armour         | |  0.6
Dodging        | |  0.6
Stealth        | |  2.3
Shields        | |  0.6
Unarmed Combat | |  0.6
Conjurations   | |  0.4
Hexes          | |  0.4
Summonings     | |  0.4
Necromancy     | |  0.4
Translocations | |  0.4
Transmutations | |  0.4
Fire Magic     | |  0.4
Air Magic      | |  0.4
Earth Magic    | |  8.7
Poison Magic   | |  0.4
Invocations    | |  0.8
Evocations     | |  2.5

Action                   || total
-------------------------++-------
Melee: Spear             ||    68
       Bite              ||     7
       Club              ||     2
 Cast: Freeze            ||    16
  Use: Potion            ||     1
 Stab: Sleeping          ||     2
Armor: Robe              ||    21
Dodge: Dodged            ||    45
